 Dungeon Crawl Stone Soup version 0.25.0-9-g26727b657a (webtiles) character file.

Game seed: 16204924890513247805

239 Esekla the Vexing (level 6, 0/32 HPs)
             Began as a Vine Stalker Arcane Marksman on June 19, 2020.
             Slain by a shadow imp (2 damage)
             ... in a sewer.
             The game lasted 00:14:12 (1309 turns).

Esekla the Vexing (Vine Stalker Arcane Marksman)    Turns: 1309, Time: 00:14:13

Health: 0/32       AC:  2    Str: 12    XL:     6   Next: 7%
Magic:  0/11       EV: 10    Int: 15    God:
Gold:   73         SH:  0    Dex: 15    Spells: 9/10 levels left

rFire    . . .     SeeInvis .   i - +0 short sword (venom)
rCold    . . .     Gourm    .   (no shield)
rNeg     . . .     Faith    .   a - +0 robe
rPois    .         Spirit   +   (no helmet)
rElec    .         Reflect  .   (no cloak)
rCorr    .         Harm     .   (no gloves)
MR       .....                  (no boots)
Stlth    ++........             (no amulet)
HPRegen  0.50/turn              (no ring)
MPRegen  0.12/turn              (no ring)

@: constricted
A: fangs 2, regeneration 1, magic shield, antimagic bite, no potion heal 3, rot
immunity
a: no special abilities


You were in a sewer.
You were hungry.

You visited 1 branch of the dungeon, and saw 3 of its levels.
You also visited: Sewer.

You collected 73 gold pieces.

Inventory:

Hand Weapons
 i - a +0 short sword of venom (weapon)
 n - a +0 trident
Missiles
 c - 5 javelins (quivered)
 d - 2 throwing nets
Armour
 a - a +0 robe (worn)
Scrolls
 e - a scroll of remove curse {unknown}
 h - a scroll of teleportation {unknown}
 k - a scroll of enchant armour {unknown}
 l - 3 scrolls of immolation {unknown}
 m - a scroll of identify {unknown}
Potions
 b - a potion of curing {unknown}
 g - a potion of stabbing {unknown}
 j - a potion of heal wounds {unknown}
Comestibles
 f - 4 rations


   Skills:
 * Level 2.9 Fighting
 + Level 1.8 Short Blades
 - Level 1.7 Throwing
 + Level 2.6 Dodging
 + Level 1.8 Stealth
 * Level 2.9 Spellcasting
 - Level 3.0 Hexes


You had 9 spell levels left.
You knew the following spells:

 Your Spells              Type           Power        Failure   Level  Hunger
a - Corona                Hex            ##.....      6%          1    #......

Your spell library contained the following spells:

 Spells                   Type           Power        Failure   Level  Hunger
 Slow                     Hex            ##......     9%          2    ##.....
 Inner Flame              Hex/Fire       #.......     32%         3    ###....
 Portal Projectile        Hex/Tloc       #.....       32%         3    ###....
 Cause Fear               Hex            ##........   52%         4    #####..
 Leda's Liquefaction      Hex/Erth       #.........   73%         4    #####..


Dungeon Overview and Level Annotations

Branches:
Dungeon (3/15)              Sewer (1/1)

Altars:
Dithmenos


Innate Abilities, Weirdness & Mutations

You have extremely sharp teeth.
Your natural rate of healing is unusually fast.
When hurt, damage is shared between your health and your magic reserves.
Your bite disrupts and absorbs the magic of your enemies.
Potions cannot restore your health.
You are immune to rotting.


Message History

You hit the shadow imp.
The shadow imp is moderately wounded.
The shadow imp hits you.
* * * LOW HITPOINT WARNING * * *
You hit the shadow imp.
The shadow imp is heavily wounded.
A ball python comes into view.
The shadow imp grinds its teeth.
The shadow imp hits you.
* * * LOW HITPOINT WARNING * * *
You closely miss the shadow imp. Your bite misses the shadow imp.
The shadow imp is heavily wounded.
The shadow imp gestures at you. Pain shoots through your body!
* * * LOW HITPOINT WARNING * * *
You hit the shadow imp.
The shadow imp is severely wounded.
The ball python closely misses you. The ball python grabs you.
The ball python constricts you. The shadow imp hits you.
You die...

#≈≈≈#≈≈≈≈≈≈≈...#≈≈≈≈≈
#≈≈≈≈≈≈#...#≈≈≈≈≈
#≈≈≈≈≈≈#...≈≈≈≈≈≈
#≈≈≈≈≈≈#...#≈≈≈≈≈
#≈≈≈≈≈≈≈...#≈≈≈≈≈
#≈≈≈≈≈≈#(..#.≈≈≈≈
#≈≈≈≈≈...≈....≈≈≈
#≈S≈...#≈≈≈#..≈≈≈
#(5@...#≈≈≈#.....
#'#######≈## ####
#......#...
#≈.≈.5..≈K≈.5...
#≈≈≈#≈≈≈≈≈≈#...#≈
############ ####


You could see a shadow imp and a ball python.

Vanquished Creatures
  2 orc priests (D:3)
  A worker ant (D:3)
  3 adders (D:3)
  2 river rats (D:3)
  2 shadow imps (Sewer)
  3 ufetubi (Sewer)
  2 oozes
  2 leopard geckos
  7 orcs (D:3)
  3 ball pythons (D:3)
  3 bats
  5 giant cockroaches
  6 goblins
  8 hobgoblins (D:3)
  2 quokkas (D:3)
  3 frilled lizards (D:3)
  A giant cockroach zombie (Sewer)
  6 kobolds
  A leopard gecko skeleton (D:2)
  6 rats
68 creatures vanquished.

Vanquished Creatures (others)
  An ooze (Sewer)
1 creature vanquished.

Grand Total: 69 creatures vanquished

Notes
Turn   | Place    | Note
-------+----------+-------------------------------------------
     0 | D:1      | Esekla the Vine Stalker Arcane Marksman began the quest for
                  | the Orb.
     0 | D:1      | Reached XP level 1. HP: 9/9 MP: 3/3
    63 | D:1      | Reached skill level 1 in Fighting
    80 | D:1      | Reached XP level 2. HP: 14/14 MP: 5/5
   574 | D:3      | Reached XP level 3. HP: 13/18 MP: 4/7
   786 | D:3      | Gained mutation: Your natural rate of healing is unusually
                  | fast. [Vine Stalker growth]
   786 | D:3      | Reached XP level 4. HP: 21/23 MP: 8/8
   873 | D:3      | Reached skill level 1 in Stealth
   928 | D:3      | Found a shadowy altar of Dithmenos.
   969 | D:3      | Reached skill level 1 in Short Blades
   969 | D:3      | Reached XP level 5. HP: 19/27 MP: 4/9
  1138 | D:3      | Found a glowing drain.
  1162 | Sewer    | Entered a sewer
  1272 | Sewer    | Reached XP level 6. HP: 6/32 MP: 1/11
  1308 | Sewer    | HP: 1/32 [shadow imp/nerve-wracking pain (4)]
  1309 | Sewer    | Slain by a shadow imp

Illustrated notes

Levels and vault maps discovered:
D:1:      nzn_arrival_settlement, layout_loops_ring
D:2:      layout_basic
D:3:      layout_loops_ring, grunt_dithmenos_smoke, portal_sewer_entry_e,
          minmay_goblin_outpost
Sewer:    kennysheep_sewer_church

Skill      XL: |  1  2  3  4 |
---------------+-------------+-----
Fighting       | 1 2 |  2.9
Dodging        | 2 |  2.6
Spellcasting   | 2 |  2.9
Stealth        | 1 |  1.8
Short Blades   | 1 |  1.8
Throwing       | |  1.7
Hexes          | |  3.0

Action                   |  1- 3 |  4- 6 || total
-------------------------+-------+-------++-------
Melee: Dagger            |    19 |       ||    19
       Bite              |    11 |    34 ||    45
       Short sword       |    37 |   132 ||   169
Throw: Javelin           |     8 |     1 ||     9
 Stab: Sleeping          |     1 |     5 ||     6
  Eat: Chunk             |       |     1 ||     1
Armor: Robe              |    13 |    17 ||    30
Dodge: Dodged            |    31 |    79 ||   110
